TOP OF THE 1ST |
Barry's Bay Orioles batting - Pitching for Lee's Summit Tigers : RHP Jeff Mann
|
Pitching: RHP Jeff Mann
|
|
Batting: LHB Ryan Rheaume
|
0-0: Called Strike 0-1: Ball 1-1: Ball 2-1: SINGLE (Groundball, 34D)
|
Batting: RHB Guy Morrison
|
0-0: Called Strike 0-1: Ball 1-1: Ball Ryan Rheaume steals 2nd base 2-1: Swinging Strike 2-2: Ground out 6-3 (Groundball, 6) Ryan Rheaume to third
|
Batting: SHB Emílio Calvillo
|
0-0: Called Strike 0-1: Ball 1-1: Ball 2-1: Called Strike 2-2: Strikes out swinging
|
Batting: RHB Lorenzo Silva
|
0-0: Ball 1-0: Ball 2-0: Swinging Strike 2-1: Foul Ball, location: 2F 2-2: Strikes out swinging
|
Top of the 1st over - 0 run(s), 1 hit(s), 0 error(s), 1 left on base; Barry's Bay 0 - Lee's Summit 0 |
BOTTOM OF THE 1ST |
Lee's Summit Tigers batting - Pitching for Barry's Bay Orioles : LHP Bernardo Valero
|
Pitching: LHP Bernardo Valero
|
|
Batting: RHB Jesús Ramos
|
0-0: Called Strike 0-1: Ball 1-1: SINGLE (Line Drive, 8LS)
|
Batting: RHB Steven Wright
|
0-0: Ball 1-0: Ball 2-0: Called Strike 2-1: Called Strike 2-2: SINGLE (Line Drive, 3) Jesús Ramos to second
|
Batting: LHB Milo Powers
|
0-0: Ball 1-0: Called Strike 1-1: DOUBLE (Line Drive, 5D) Jesús Ramos scores Steven Wright to third
|
Batting: SHB Juan Glaviz
|
0-0: Ground out 6-3 (Groundball, 6) Steven Wright scores
|
Batting: LHB Darren Holland
|
0-0: Called Strike 0-1: Ball 1-1: Foul Ball, location: 2F 1-2: Foul Ball, location: 2F 1-2: Ball 2-2: Foul Ball, location: 2F 2-2: Ball 3-2: Base on Balls
|
Batting: LHB Dale Miller
|
0-0: Swinging Strike 0-1: Called Strike 0-2: SINGLE (Groundball, 5D) Milo Powers to third Darren Holland to second Runner from 3rd tries for Home, SAFE, throw made home Darren Holland to third Dale Miller to second
|
Batting: RHB Steve Johnson
|
0-0: Ground out 4-3 (Groundball, 4) Darren Holland scores Dale Miller to third
|
Batting: RHB César Martínez
|
0-0: Ball Steal of home, Dale Miller is safe 1-0: Ball 2-0: Fly out, F8 (Flyball, 8LM)
|
Bottom of the 1st over - 5 run(s), 4 hit(s), 0 error(s), 0 left on base; Barry's Bay 0 - Lee's Summit 5 |
TOP OF THE 2ND |
Barry's Bay Orioles batting - Pitching for Lee's Summit Tigers : RHP Jeff Mann
|
Batting: SHB Terry Christian
|
0-0: Ball 1-0: Swinging Strike 1-1: Foul Ball, location: 2F 1-2: Ball 2-2: Ball 3-2: Foul Ball, location: 2F 3-2: Base on Balls
|
Batting: RHB Lee Scott
|
0-0: Called Strike 0-1: Swinging Strike 0-2: Ball Wild Pitch! Terry Christian to second 1-2: Ball 2-2: Ground out 6-3 (Groundball, 6) Terry Christian to third
|
Batting: RHB Bill Pike
|
0-0: Called Strike 0-1: Ball 1-1: Ground out 6-3 (Groundball, 6S) Terry Christian scores
|
Batting: LHB Rodney Harrison
|
0-0: Ball 1-0: Called Strike 1-1: Ball 2-1: Ball 3-1: Called Strike 3-2: Base on Balls
|
Batting: RHB Octávio Aldeguer
|
0-0: Ball 1-0: Ball 2-0: Called Strike 2-1: Swinging Strike 2-2: SINGLE (Groundball, 15) (infield hit) Rodney Harrison to second
|
Batting: LHB Ryan Rheaume
|
0-0: Ball 1-0: Ground out 5-3 (Groundball, 56S)
|
Top of the 2nd over - 1 run(s), 1 hit(s), 0 error(s), 2 left on base; Barry's Bay 1 - Lee's Summit 5 |
BOTTOM OF THE 2ND |
Lee's Summit Tigers batting - Pitching for Barry's Bay Orioles : LHP Bernardo Valero
|
Batting: RHB Gilberto Ferrer
|
0-0: Ball 1-0: Swinging Strike 1-1: Called Strike 1-2: Strikes out swinging
|
Batting: RHB Jesús Ramos
|
0-0: Ball 1-0: Ball 2-0: Swinging Strike 2-1: Swinging Strike 2-2: Fly out, F9 (Flyball, 9LSF)
|
Batting: RHB Steven Wright
|
0-0: Ball 1-0: Ball 2-0: Ball 3-0: Called Strike 3-1: Base on Balls
|
Batting: LHB Milo Powers
|
0-0: Ball 1-0: Ball 2-0: Foul Ball, location: 2F 2-1: Foul Ball, location: 2F 2-2: Strikes out swinging passed ball, reaches first! Steven Wright to second
|
Batting: SHB Juan Glaviz
|
0-0: Fly out, F9 (Flyball, 9D)
|
Bottom of the 2nd over - 0 run(s), 0 hit(s), 0 error(s), 2 left on base; Barry's Bay 1 - Lee's Summit 5 |
TOP OF THE 3RD |
Barry's Bay Orioles batting - Pitching for Lee's Summit Tigers : RHP Jeff Mann
|
Batting: RHB Guy Morrison
|
0-0: Foul Ball, location: 2F 0-1: Swinging Strike 0-2: Hit by Pitch
|
Batting: SHB Emílio Calvillo
|
0-0: Ball 1-0: Ball 2-0: Ball 3-0: Base on Balls Guy Morrison to second
|
Batting: RHB Lorenzo Silva
|
0-0: Swinging Strike 0-1: Called Strike 0-2: Ball 1-2: Strikes out swinging
|
Batting: SHB Terry Christian
|
0-0: Ball 1-0: Ball 2-0: Ball 3-0: Base on Balls Guy Morrison to third Emílio Calvillo to second
|
Batting: RHB Lee Scott
|
0-0: Ball 1-0: Called Strike 1-1: Swinging Strike 1-2: Foul Ball, location: 2F 1-2: Foul Ball, location: 2F 1-2: Strikes out swinging
|
Batting: RHB Bill Pike
|
0-0: Ball 1-0: Swinging Strike 1-1: Called Strike 1-2: Ball 2-2: Strikes out swinging
|
Top of the 3rd over - 0 run(s), 0 hit(s), 0 error(s), 3 left on base; Barry's Bay 1 - Lee's Summit 5 |
BOTTOM OF THE 3RD |
Lee's Summit Tigers batting - Pitching for Barry's Bay Orioles : LHP Bernardo Valero
|
Batting: LHB Darren Holland
|
0-0: Ground out 1-3 (Groundball, 15S)
|
Batting: LHB Dale Miller
|
0-0: SINGLE (Groundball, 34D)
|
Batting: RHB Steve Johnson
|
0-0: Ball 1-0: Called Strike 1-1: Swinging Strike 1-2: Ball 2-2: Foul Ball, location: 2F 2-2: Foul Ball, location: 2F 2-2: Ball 3-2: Foul Ball, location: 2F 3-2: Strikes out swinging
|
Batting: RHB César Martínez
|
0-0: Ball 1-0: SINGLE (Line Drive, 7S) Dale Miller to second
|
Batting: RHB Gilberto Ferrer
|
0-0: Called Strike 0-1: Ball 1-1: Swinging Strike 1-2: Ball 2-2: Ball 3-2: Foul Ball, location: 2F 3-2: Base on Balls Dale Miller to third César Martínez to second
|
Batting: RHB Jesús Ramos
|
0-0: Ball 1-0: Foul Ball, location: 2F 1-1: Fly out, F7 (Line Drive, 7S)
|
Bottom of the 3rd over - 0 run(s), 2 hit(s), 0 error(s), 3 left on base; Barry's Bay 1 - Lee's Summit 5 |
TOP OF THE 4TH |
Barry's Bay Orioles batting - Pitching for Lee's Summit Tigers : RHP Jeff Mann
|
Batting: LHB Rodney Harrison
|
0-0: Called Strike 0-1: Ball 1-1: Ball 2-1: Swinging Strike 2-2: Strikes out swinging
|
Batting: RHB Octávio Aldeguer
|
0-0: Swinging Strike 0-1: Ball 1-1: Foul Ball, location: 2F 1-2: Fly out, F9 (Flyball, 9LS)
|
Batting: LHB Ryan Rheaume
|
0-0: Ball 1-0: Foul Ball, location: 2F 1-1: Swinging Strike 1-2: Strikes out looking
|
Top of the 4th over - 0 run(s), 0 hit(s), 0 error(s), 0 left on base; Barry's Bay 1 - Lee's Summit 5 |
BOTTOM OF THE 4TH |
Lee's Summit Tigers batting - Pitching for Barry's Bay Orioles : LHP Bernardo Valero
|
Batting: RHB Steven Wright
|
0-0: SINGLE (Groundball, 56D)
|
Batting: LHB Milo Powers
|
0-0: Ball 1-0: Called Strike 1-1: Foul Ball, location: 2F 1-2: Ball 2-2: Foul Ball, location: 2F 2-2: Ball 3-2: Reached on error, E4 (Groundball, 34) Steven Wright to third
|
Batting: SHB Juan Glaviz
|
0-0: Ball 1-0: Called Strike 1-1: Foul Ball, location: 2F 1-2: SINGLE (Groundball, 56S) (infield hit) Steven Wright scores Milo Powers to third
|
Pitching: RHP Billy Jacobs
|
|
Batting: LHB Darren Holland
|
0-0: SINGLE (Flyball, 89S) Milo Powers scores Juan Glaviz to second
|
Batting: LHB Dale Miller
|
0-0: Swinging Strike 0-1: Foul Ball, location: 2F 0-2: Ball 1-2: Single, Error in OF, E7, batter to second base Juan Glaviz scores Darren Holland to third
|
Batting: RHB Steve Johnson
|
0-0: Fly out, F9 (Flyball, 9S)
|
Batting: RHB César Martínez
|
0-0: Ball 1-0: Called Strike 1-1: Ball 2-1: Ball 3-1: Base on Balls
|
Batting: RHB Gilberto Ferrer
|
0-0: Called Strike 0-1: Reached on error, E6 (Groundball, 6) Darren Holland scores Dale Miller to third César Martínez to second
|
Batting: RHB Jesús Ramos
|
0-0: Ball 1-0: SINGLE (Line Drive, 6MD) Dale Miller scores César Martínez to third Gilberto Ferrer to second Runner from 3rd tries for Home, SAFE, throw made home
|
Pitching: RHP Ralph Marks
|
|
Batting: RHB Steven Wright
|
0-0: Ball 1-0: Ball 2-0: Called Strike 2-1: Foul Ball, location: 2F 2-2: Strikes out swinging
|
Batting: LHB Milo Powers
|
0-0: Ball 1-0: Ball 2-0: Foul Ball, location: 2F 2-1: Foul Ball, location: 2F 2-2: Ball 3-2: Strikes out swinging
|
Bottom of the 4th over - 6 run(s), 5 hit(s), 3 error(s), 2 left on base; Barry's Bay 1 - Lee's Summit 11 |
TOP OF THE 5TH |
Barry's Bay Orioles batting - Pitching for Lee's Summit Tigers : RHP Jeff Mann
|
Pitching: RHP Héctor Bernard
|
|
Batting: RHB Guy Morrison
|
0-0: SINGLE (Line Drive, 6M)
|
Batting: SHB Emílio Calvillo
|
0-0: Called Strike 0-1: Ball 1-1: Foul Ball, location: 2F 1-2: Ball 2-2: Foul Ball, location: 2F 2-2: Foul Ball, location: 2F 2-2: Ball 3-2: Base on Balls Guy Morrison to second
|
Batting: RHB Lorenzo Silva
|
0-0: Ball 1-0: Foul Ball, location: 2F 1-1: Foul Ball, location: 2F 1-2: Strikes out swinging
|
Batting: SHB Terry Christian
|
0-0: Called Strike 0-1: Swinging Strike 0-2: Strikes out looking
|
Batting: RHB Lee Scott
|
0-0: Reached on error, E3 (Groundball, 34S) Guy Morrison to third Emílio Calvillo to second
|
Batting: RHB Bill Pike
|
0-0: Called Strike 0-1: Swinging Strike 0-2: Ball 1-2: Strikes out looking
|
Top of the 5th over - 0 run(s), 1 hit(s), 1 error(s), 3 left on base; Barry's Bay 1 - Lee's Summit 11 |
BOTTOM OF THE 5TH |
Lee's Summit Tigers batting - Pitching for Barry's Bay Orioles : RHP Ralph Marks
|
Batting: SHB Juan Glaviz
|
0-0: Called Strike 0-1: Called Strike 0-2: Fly out, F8 (Flyball, 89M)
|
Batting: LHB Darren Holland
|
0-0: Foul Ball, location: 2F 0-1: Foul Ball, location: 2F 0-2: Foul Ball, location: 2F 0-2: Ball 1-2: Ball 2-2: Ball 3-2: Ground out 3-1 (Groundball, 34)
|
Batting: LHB Dale Miller
|
0-0: Called Strike 0-1: Ball 1-1: Ball 2-1: Ball 3-1: Swinging Strike 3-2: Foul Ball, location: 2F 3-2: Base on Balls
|
Batting: RHB Steve Johnson
|
0-0: Ball 1-0: Ball Dale Miller is caught stealing 2nd base
|
Bottom of the 5th over - 0 run(s), 0 hit(s), 0 error(s), 0 left on base; Barry's Bay 1 - Lee's Summit 11 |
TOP OF THE 6TH |
Barry's Bay Orioles batting - Pitching for Lee's Summit Tigers : RHP Héctor Bernard
|
Batting: LHB Rodney Harrison
|
0-0: Called Strike 0-1: Swinging Strike 0-2: Ball 1-2: Ball 2-2: Ball 3-2: Foul Ball, location: 2F 3-2: Ground out 4-3 (Groundball, 4)
|
Pitching: RHP John Brock
|
|
Batting: RHB Octávio Aldeguer
|
0-0: Called Strike 0-1: Ball 1-1: Ball 2-1: Called Strike 2-2: Strikes out looking
|
Batting: LHB Ryan Rheaume
|
0-0: Ball 1-0: Ball 2-0: Fly out, F6 (Popup, 6)
|
Top of the 6th over - 0 run(s), 0 hit(s), 0 error(s), 0 left on base; Barry's Bay 1 - Lee's Summit 11 |
BOTTOM OF THE 6TH |
Lee's Summit Tigers batting - Pitching for Barry's Bay Orioles : RHP Ralph Marks
|
Batting: RHB Steve Johnson
|
0-0: Ball 1-0: DOUBLE (Line Drive, 8LD)
|
Batting: RHB César Martínez
|
0-0: Ball 1-0: SINGLE (Flyball, 8LS) Steve Johnson to third
|
Batting: RHB Gilberto Ferrer
|
0-0: SINGLE (Groundball, 4MD) Steve Johnson scores César Martínez to second
|
Batting: RHB Jesús Ramos
|
0-0: Fly out, F5 (Line Drive, 5)
|
Batting: RHB Steven Wright
|
0-0: Foul Ball, location: 2F 0-1: Ball 1-1: Ball 2-1: Ball 3-1: Foul Ball, location: 2F 3-2: Strikes out looking
|
Batting: LHB Milo Powers
|
0-0: Ball 1-0: Ball 2-0: Ball 3-0: Base on Balls César Martínez to third Gilberto Ferrer to second
|
Batting: SHB Juan Glaviz
|
0-0: DOUBLE (Groundball, 3L) César Martínez scores Gilberto Ferrer scores Milo Powers to third
|
Batting: LHB Darren Holland
|
0-0: Fly out, F7 (Flyball, 7S)
|
Bottom of the 6th over - 3 run(s), 4 hit(s), 0 error(s), 2 left on base; Barry's Bay 1 - Lee's Summit 14 |
TOP OF THE 7TH |
Barry's Bay Orioles batting - Pitching for Lee's Summit Tigers : RHP John Brock
|
Batting: RHB Guy Morrison
|
0-0: Called Strike 0-1: Called Strike 0-2: Ball 1-2: Ball 2-2: Foul Ball, location: 2F 2-2: Ball 3-2: Fly out, F7 (Flyball, 78M)
|
Batting: SHB Emílio Calvillo
|
0-0: Foul Ball, location: 2F 0-1: Swinging Strike 0-2: Strikes out swinging
|
Batting: RHB Lorenzo Silva
|
0-0: Called Strike 0-1: Called Strike 0-2: SINGLE (Line Drive, 8LS)
|
Batting: SHB Terry Christian
|
0-0: Foul Ball, location: 2F 0-1: Ball 1-1: SINGLE (Groundball, 6MD) Lorenzo Silva to second
|
Batting: RHB Lee Scott
|
0-0: Ball 1-0: Ball 2-0: Called Strike 2-1: Foul Ball, location: 2F 2-2: Foul Ball, location: 2F 2-2: Strikes out looking
|
Top of the 7th over - 0 run(s), 2 hit(s), 0 error(s), 2 left on base; Barry's Bay 1 - Lee's Summit 14 |
BOTTOM OF THE 7TH |
Lee's Summit Tigers batting - Pitching for Barry's Bay Orioles : RHP Ralph Marks
|
Batting: LHB Dale Miller
|
0-0: Ball 1-0: Ball 2-0: Called Strike 2-1: Ball 3-1: Called Strike 3-2: Base on Balls
|
Pitching: RHP A.J. Martin
|
|
Batting: RHB Steve Johnson
|
0-0: Called Strike 0-1: Ball 1-1: Swinging Strike 1-2: Fly out, F8 (Flyball, 8LM)
|
Batting: RHB César Martínez
|
0-0: Ball 1-0: Foul Ball, location: 2F 1-1: Swinging Strike 1-2: Ball Dale Miller is caught stealing 2nd base 2-2: Strikes out swinging
|
Bottom of the 7th over - 0 run(s), 0 hit(s), 0 error(s), 0 left on base; Barry's Bay 1 - Lee's Summit 14 |
TOP OF THE 8TH |
Barry's Bay Orioles batting - Pitching for Lee's Summit Tigers : RHP John Brock
|
Pitching: RHP António Cruz
|
|
Batting: RHB Bill Pike
|
0-0: Called Strike 0-1: Foul Ball, location: 2F 0-2: Ball 1-2: Ball 2-2: Strikes out swinging
|
Batting: LHB Rodney Harrison
|
0-0: Called Strike 0-1: Ball 1-1: Foul Ball, location: 2F 1-2: Foul Ball, location: 2F 1-2: Foul Ball, location: 2F 1-2: Strikes out swinging
|
Batting: RHB Octávio Aldeguer
|
0-0: Called Strike 0-1: Ball 1-1: Foul Ball, location: 2F 1-2: Foul Ball, location: 2F 1-2: Fly out, F5 (Line Drive, 5)
|
Top of the 8th over - 0 run(s), 0 hit(s), 0 error(s), 0 left on base; Barry's Bay 1 - Lee's Summit 14 |
BOTTOM OF THE 8TH |
Lee's Summit Tigers batting - Pitching for Barry's Bay Orioles : RHP A.J. Martin
|
Batting: RHB Gilberto Ferrer
|
0-0: Ball 1-0: Called Strike 1-1: SINGLE (Line Drive, 34)
|
Batting: RHB Jesús Ramos
|
0-0: Swinging Strike 0-1: Foul Ball, location: 2F 0-2: Strikes out swinging
|
Batting: RHB Steven Wright
|
0-0: Called Strike Gilberto Ferrer is caught stealing 2nd base 0-1: Called Strike 0-2: Fly out, F8 (Flyball, 8LM)
|
Bottom of the 8th over - 0 run(s), 1 hit(s), 0 error(s), 0 left on base; Barry's Bay 1 - Lee's Summit 14 |
TOP OF THE 9TH |
Barry's Bay Orioles batting - Pitching for Lee's Summit Tigers : RHP António Cruz
|
Now at 2B: Steve Cook
|
|
Batting: LHB Ryan Rheaume
|
0-0: Ball 1-0: Ball 2-0: Ball 3-0: Base on Balls
|
Batting: RHB Guy Morrison
|
0-0: Called Strike 0-1: Ball 1-1: Foul Ball, location: 2F 1-2: Foul Ball, location: 2F 1-2: Ball 2-2: Strikes out swinging
|
Batting: SHB Emílio Calvillo
|
0-0: Called Strike 0-1: Ball 1-1: Called Strike 1-2: Strikes out looking
|
Batting: RHB Lorenzo Silva
|
0-0: Fielders Choice at 2nd, 5-4 (Groundball, 56)
|
Top of the 9th over - 0 run(s), 0 hit(s), 0 error(s), 0 left on base; Barry's Bay 1 - Lee's Summit 14 |
|